Map: Dusk Towers

Players

Miszu - Winner!

  • Race: Terran Terran
  • League: Master

IIIlllIIIlll

  • Race: Zerg Zerg
  • League: Master

VOD

Have the link to the VOD?

Description

Time

  • Played on: April 30, 2016, 6:45 p.m.
  • Length: 11:44
Show
View Real Time Build Order
Export as new Build Order

Miszu Terran - Winner!

Build Orders: Liberator Opening, Reaper Expand, MMM Bio 

Get SALT Encoding   

  12  0:01  SCV  
  13  0:13  SCV  
  14  0:19  Supply Depot  
  14  0:25  SCV  
  15  0:40  SCV  
  16  0:44  Barracks  
  16  0:47  Refinery  
  16  0:52  SCV  
  17  1:04  SCV  
  18  1:16  SCV  
  19  1:31  Reaper, Orbital Command  
  20  1:39  Command Center  
  20  1:53  Supply Depot  
  20  1:56  SCV  
  21  2:03  Marine  
  22  2:09  SCV  
  22  2:13  Refinery  
  23  2:16  Factory  
  23  2:21  SCV  
  24  2:29  Barracks Reactor  
  24  2:33  SCV  
  24  2:45  SCV  
  24  2:47  Command Center  
  25  2:57  SCV, Orbital Command  
  26  3:06  Starport  
  26  3:09  SCV  
  26  3:11  Factory Tech Lab  
  27  3:15  Marine  
  28  3:21  SCV  
  28  3:24  SCV  
  30  3:27  Marine  
  30  3:28  Liberator  
  30  3:29  Siege Tank  
  30  3:33  SCV  
  35  3:36  SCV  
  36  3:45  SCV  
  40  3:51  Marine  
  40  3:52  SCV  
  42  3:58  SCV, Orbital Command  
  43  4:04  SCV  
  43  4:07  Engineering Bay  
  43  4:08  Engineering Bay  
  44  4:10  SCV  
  44  4:16  Liberator, SCV  
  46  4:21  Barracks  
  46  4:22  Barracks Tech Lab, SCV  
  46  4:23  Barracks  
  47  4:28  SCV  
  47  4:29  Refinery  
  47  4:30  Orbital Command  
  48  4:31  Refinery  
  48  4:34  SCV  
  52  4:44  Marine, Stimpack, SCV  
  54  4:46  SCV  
  55  4:57  SCV x2  
  55  4:58  SCV  
  58  5:00  Barracks  
  58  5:02  Barracks  
  58  5:06  Terran Infantry Weapons Level 1  
  58  5:07  Terran Infantry Armor Level 1  
  58  5:09  SCV x2  
  58  5:12  Barracks Tech Lab  
  61  5:21  Starport Reactor  
  61  5:25  Supply Depot, SCV  
  61  5:28  Supply Depot  
  61  5:31  Supply Depot, Combat Shields  
  61  5:33  SCV x2  
  61  5:34  Siege Tank  
  66  5:36  Marine x2  
  66  5:37  Marine  
  69  5:47  SCV x3  
  72  5:56  Marine x2  
  75  5:57  Barracks Reactor x2  
  75  5:59  SCV x3  
  75  6:02  Marine  
  78  6:05  Supply Depot x2, Medivac x2  
  78  6:06  Supply Depot  
  79  6:11  SCV x3  
  79  6:12  Armory  
  79  6:13  Marine x2  
  79  6:17  Marine  
  85  6:21  Marauder  
  85  6:23  SCV x2  
  86  6:29  Siege Tank  
  86  6:31  Marauder  
  92  6:32  SCV  
  92  6:34  Marine x2  
  92  6:35  Marine x4, SCV  
  92  6:37  Medivac  
  102  6:51  Supply Depot  
  102  6:52  Supply Depot, Marine x2  
  102  6:53  Marine  
  106  6:54  Supply Depot  
  106  6:55  Marauder  
  106  6:58  Marine, Marauder  
  109  7:01  Siege Tank  
  109  7:06  Barracks  
  112  7:08  Barracks  
  112  7:09  Refinery, Barracks  
  112  7:10  Refinery  
  112  7:12  Marine  
  112  7:13  Marine x4  
  117  7:16  Marauder  
  118  7:28  Marine, Marauder  
  118  7:29  Medivac x2  
  123  7:30  Marine  
  123  7:31  Marine x3  
  127  7:37  SCV x2  
  127  7:38  SCV  
  130  7:44  Supply Depot  
  130  7:45  Supply Depot  
  130  7:46  Terran Infantry Weapons Level 2  
  130  7:47  Terran Infantry Armor Level 2  
  130  7:49  SCV x2  
  130  7:50  SCV  
  133  7:54  Marine x5  
  133  7:56  Barracks Tech Lab, Liberator  
  133  7:57  Barracks Tech Lab  
  138  7:59  Barracks Tech Lab  
  138  8:01  SCV  
  138  8:02  Starport  
  140  8:05  SCV  
  140  8:06  SCV  
  140  8:10  Marine x3  
  144  8:13  SCV  
  144  8:17  SCV  
  144  8:19  Marine  
  120  8:22  Liberator  
  120  8:25  Marauder x2  
  114  8:28  Liberator  
  114  8:29  Marauder x2  
  114  8:30  Marauder  
  114  8:31  Concussive Shells  
  114  8:32  Marine  
  114  8:33  Marine x2  
  123  8:36  Marine  
  123  8:37  Marine x2  
  123  8:39  Liberator  
  129  8:46  Marine, Marauder  
  135  8:49  Marine  
  135  8:50  Marine x2  
  135  8:51  Marine x3  
  135  8:54  Marine  
  137  9:04  Marauder  
  137  9:05  Marine  
  137  9:06  Marine, Cyclone  
  137  9:07  Marine, Marauder  
  137  9:08  Marauder  
  137  9:09  Marauder  
  151  9:14  Supply Depot  
  151  9:24  Liberator x3  
  151  9:26  Marauder x2  
  151  9:29  Marauder  
  151  9:31  Marauder x2  
  155  9:32  Marine  
  157  9:47  Marine, Marauder x2  
  157  9:50  Marauder  
  157  9:52  Marauder  
  160  9:54  Marine  
  160  9:55  Marine x5  
  162  10:04  Marine  
  163  10:08  Marine x2  
  163  10:11  Marine, Command Center, Liberator  
  163  10:12  Marine  
  165  10:16  Liberator  
  165  10:28  Marine, Liberator  
  165  10:29  Marine x2  
  165  10:30  Marine x2  
  165  10:31  Reaper  
  165  10:37  Marine x2  
  165  10:38  Marine  
  165  10:39  Marauder  
  165  10:52  Marauder  
  165  10:53  Marine x2  
  165  10:55  Marine x2  
  165  11:13  Marine  
  165  11:15  Marine x2  
  165  11:16  Marine x3, Marauder  
  165  11:17  Marauder  
  165  11:22  Marine x2  
  165  11:23  Marauder  
Show
View Real Time Build Order
Export as new Build Order

IIIlllIIIlll Zerg 

Build Orders: Hatch First 

Get SALT Encoding   

  12  0:01  Drone  
  13  0:14  Overlord  
  13  0:18  Drone  
  14  0:34  Drone x2  
  16  0:36  Drone  
  17  0:52  Hatchery  
  17  0:55  Drone  
  17  0:59  Drone  
  18  1:09  Extractor  
  17  1:14  Spawning Pool  
  17  1:16  Drone  
  17  1:20  Drone  
  18  1:29  Drone  
  19  1:40  Overlord  
  19  1:50  Drone  
  20  2:00  Queen  
  22  2:02  Zergling x2  
  22  2:04  Queen  
  22  2:05  Zergling x2  
  26  2:09  Metabolic Boost  
  26  2:12  Drone  
  27  2:16  Drone  
  28  2:23  Drone  
  28  2:25  Drone  
  30  2:36  Queen  
  32  2:43  Overlord  
  33  2:44  Drone  
  33  2:47  Pneumatized Carapace  
  33  2:50  Drone x2  
  35  2:57  Overlord  
  35  2:58  Drone  
  36  3:05  Drone  
  36  3:10  Drone  
  38  3:16  Drone x6  
  44  3:28  Hatchery  
  43  3:35  Roach Warren  
  43  3:36  Extractor  
  43  3:39  Drone x2  
  43  3:42  Drone x2  
  45  3:50  Overlord  
  45  3:51  Overlord  
  45  3:52  Drone  
  45  3:54  Drone  
  47  3:56  Drone  
  48  4:03  Drone  
  49  4:11  Drone, Evolution Chamber  
  49  4:12  Drone x3, Evolution Chamber  
  51  4:20  Drone x7  
  51  4:22  Drone  
  59  4:33  Overlord  
  59  4:35  Drone  
  59  4:37  Zerg Ground Armor Level 1  
  60  4:42  Zerg Missile Weapons Level 1  
  60  4:43  Lair  
  60  4:45  Queen  
  60  4:49  Overlord  
  62  4:53  Drone x4  
  66  5:00  Extractor  
  66  5:01  Drone  
  66  5:02  Extractor, Drone x5  
  66  5:05  Extractor  
  66  5:06  Extractor  
  68  5:10  Spore Crawler  
  68  5:13  Drone x5  
  70  5:24  Spore Crawler  
  66  5:29  Overlord  
  66  5:32  Drone  
  66  5:33  Drone x9  
  76  5:40  Roach  
  76  5:42  Roach  
  80  5:43  Roach  
  82  5:53  Drone  
  82  5:54  Infestation Pit  
  82  6:02  Ravager x2  
  80  6:04  Ravager  
  80  6:06  Drone x6  
  87  6:12  Hatchery  
  86  6:18  Drone  
  86  6:32  Roach  
  88  6:33  Infestor  
  88  6:35  Overlord x3  
  88  6:39  Zerg Ground Armor Level 2, Zerg Melee Weapons Level 1  
  90  6:41  Hive  
  90  6:54  Overlord  
  90  6:55  Overlord x2  
  90  6:56  Infestor  
  90  6:57  Infestor x2  
  90  6:58  Roach x4  
  103  7:17  Roach  
  103  7:18  Roach x10  
  119  7:30  Drone x2  
  119  7:31  Drone x2  
  123  7:38  Overlord  
  123  7:39  Overlord  
  123  7:42  Drone x2  
  123  7:43  Drone x3  
  128  7:46  Roach  
  128  7:47  Roach x4  
  138  7:54  Ravager x2  
  140  7:59  Ultralisk Cavern  
  140  8:03  Overlord x3, Extractor  
  140  8:04  Overlord  
  140  8:05  Roach  
  140  8:09  Extractor, Roach x2  
  135  8:21  Roach x8  
  128  8:33  Ravager  
  127  8:35  Adrenal Glands  
  127  8:37  Zergling x2  
  127  8:38  Zergling x16  
  127  8:40  Drone x3  
  139  8:47  Chitinous Plating  
  139  8:49  Zerg Melee Weapons Level 2  
  132  9:03  Ultralisk x2  
  132  9:09  Ultralisk  
  147  9:14  Drone x4  
  151  9:22  Ultralisk  
  133  9:38  Ultralisk  
  133  9:39  Ultralisk  
  133  9:40  Zergling x6  
  133  9:41  Zergling x4  
  145  9:51  Zergling x8, Ultralisk  
  125  10:02  Zergling x4, Ultralisk  
  125  10:03  Zergling x4  
  135  10:15  Queen  
  135  10:19  Queen  
  135  10:21  Zergling x18  
  129  10:38  Zergling x2, Ultralisk x2  
  134  10:47  Hatchery  
  133  10:50  Zergling x8  
  127  10:58  Queen x2  
  124  11:06  Zergling x8  
  124  11:07  Zergling x8  
  122  11:22  Zergling x6  
  122  11:23  Zergling x2  
Tags
 
Add a new tag
Caveats
  • Supply blocks, unpowered buildings, or Contaminate may cause inaccurate times.
  • Supply counts are checked every 10 seconds.